 Dungeon Crawl Stone Soup version 0.17.1-1-g73c8601 (webtiles) character file.

38 Implojin the Ruffian (level 3, -2/36 HPs)
             Began as a Troll Fighter on Apr 9, 2016.
             Slain by a gnoll
             ... wielding a +0 whip
              (12 damage)
             ... on level 3 of the Dungeon.
             The game lasted 00:01:09 (232 turns).

Implojin the Ruffian (Troll Fighter)                 Turns: 232, Time: 00:01:09

Health: -2/36      AC:  5    Str: 24    XL:     3   Next: 25%
Magic:  2/2        EV:  8    Int:  4    God:
Gold:   18         SH:  8    Dex: 10    Spells: 0 memorised, 2 levels left

rFire  . . .     SeeInvis .       - Unarmed
rCold  . . .     Clarity  .     a - +0 robe
rNeg   . . .     SustAt   .     b - +0 shield
rPois  .         Gourm    +     (helmet restricted)
rElec  .         Spirit   .     (no cloak)
rCorr  .         Warding  .     (gloves unavailable)
rMut   .         Stasis   .     (boots unavailable)
MR     .....                    (no amulet)
Stlth  +.........               (no ring)
                                (no ring)

@: not resistant to hostile enchantments, very unstealthy
A: unfitting armour, claws 3, fast metabolism 3, gourmand, regeneration 2,
shaggy fur 1, tough skin 2
a: no special abilities


You were on level 3 of the Dungeon.
You were full.

You visited 1 branch of the dungeon, and saw 3 of its levels.

You collected 18 gold pieces.

Inventory:

Armour
 a - a +0 robe (worn)
 b - a +0 shield (worn)
Scrolls
 g - a scroll of identify {unknown}
 h - a scroll of noise {unknown}
Potions
 c - a potion of might
 e - a potion of haste {unknown}
 f - a potion of degeneration {unknown}
Comestibles
 d - 2 bread rations


   Skills:
 - Level 2.4 Fighting
 - Level 2.4 Dodging
 - Level 2.4 Shields
 * Level 3.7 Unarmed Combat


You had 2 spell levels left.
You didn't know any spells.

Dungeon Overview and Level Annotations

Branches:
Dungeon (3/15)

Altars:
Qazlal


Innate Abilities, Weirdness & Mutations

You are too large for most types of armour.
You have claws for hands.
Your metabolism is lightning-fast.
You like to eat raw meat.
You heal very quickly.
You are covered in fur (AC +1).
You have very tough skin (AC +2).


Message History

You see here 18 gold pieces.
You now have 18 gold pieces.
A gnoll comes into view. It is wielding a flail.
The gnoll shouts!
You claw the gnoll!
The gnoll is severely wounded.
The gnoll hits you with a whip.
You closely miss the gnoll.
The gnoll is severely wounded.
You block the gnoll's attack. The gnoll hits you with a whip!
You scratch the gnoll but do no damage.
The gnoll is severely wounded.
The gnoll barely misses you.
The gnoll hits you from afar with a halberd!
* * * LOW HITPOINT WARNING * * *
You claw the gnoll!
You kill the gnoll!
You have reached level 3!
Your experience leads to an increase in your attributes!
Increase (S)trength, (I)ntelligence, or (D)exterity?
You feel agile.
You feel stronger.
You scratch the gnoll.
The gnoll is lightly wounded.
You block the gnoll's attack.
You claw the gnoll!
The gnoll is almost dead.
You closely miss the gnoll.
The gnoll is almost dead.
You scratch the gnoll.
The gnoll is heavily wounded.
You claw the gnoll!
You kill the gnoll!
Your shield prevents you from hitting the gnoll.
The gnoll is almost dead.
The gnoll hits you with a halberd!
* * * LOW HITPOINT WARNING * * *
You scratch the gnoll but do no damage.
The gnoll is almost dead.
The gnoll hits you with a whip!
You die...

.........).........#
####...#..........###
#...#............
###...###........#
#E#...#E#........#
####...###........#
#.................#
#...._............#
#...........g@....#
####...#####g###..#
#E#...#E# #..# #
###...### ##.# ##.##
#g# #.. #g. ... #..#
#... ##.#.


You could see 2 gnolls.

Vanquished Creatures
  3 gnolls
  2 giant geckos
  2 bats
  A goblin (D:3)
  A giant newt (D:2)
  A rat (D:2)
10 creatures vanquished.

Notes
Turn   | Place    | Note
--------------------------------------------------------------
     0 | D:1      | Implojin the Troll Fighter began the quest for the Orb.
     0 | D:1      | Reached XP level 1. HP: 22/22 MP: 0/0
    28 | D:1      | Reached XP level 2. HP: 27/29 MP: 1/1
   103 | D:1      | Reached skill level 3 in Unarmed Combat
   202 | D:3      | Noticed an air elemental
   205 | D:3      | Found a stormy altar of Qazlal.
   208 | D:3      | Noticed an earth elemental
   209 | D:3      | Noticed a fire elemental
   209 | D:3      | Noticed a water elemental
   225 | D:3      | Reached XP level 3. HP: 17/36 MP: 2/2
   232 | D:3      | Slain by a gnoll

Action                   || total
-------------------------++-------
Melee: Unarmed           ||    40
  Eat: Chunk             ||     4

Table legend:
 A = Turns spent in this place as a percentage of turns spent in the entire game.
 B = Non-inter-level travel turns spent in this place as a percentage of non-inter-level travel turns spent in the entire game.
 C = Inter-level travel turns spent in this place as a percentage of turns spent in this place.
 D = Turns resting spent in this place as a percentage of non-inter-level travel turns spent in this place.
 E = Turns spent auto-exploring this place as a percentage of non-inter-level travel turns spent in this place.
 F = Non-inter-level travel turns spent in this place divided by the number of levels of this place that you've seen.
                   A       B       C       D       E      F
               +-------+-------+-------+-------+-------+----------------------
         Total | 100.0 | 100.0 |   0.0 |   0.0 |   0.0 |  72.3
       Dungeon | 100.0 | 100.0 |   0.0 |   0.0 |   0.0 |  72.3
               +-------+-------+-------+-------+-------+----------------------

Table legend:
 A = Kills in this place as a percentage of kills in entire the game.
 B = Kills by you in this place as a percentage of kills by you in the entire game.
 C = Kills by friends in this place as a percentage of kills by friends in the entire game.
 D = Other kills in this place as a percentage of other kills in the entire game.
 E = Experience gained in this place as a percentage of experience gained in the entire game.
 F = Experience gained in this place divided by the number of levels of this place that you have seen.
                   A       B       C       D       E      F
               +-------+-------+-------+-------+-------+----------------------
         Total | 100.0 | 100.0 |  -nan |  -nan | 100.0 |  18.3
       Dungeon | 100.0 | 100.0 |  -nan |  -nan | 100.0 |  18.3
               +-------+-------+-------+-------+-------+----------------------
